AoeStats
← ThunderboltX

Arabian Desert

509459812Analyzed
1v1 RM · 6d ago on Sep 26, 2026· 39m 1s· 2 players
Game mode
Random Map
Map size
Tiny (2 player)
Population
200
Speed
Normal
Resources
Standard
Victory
Conquest
Starting age
Dark Age
Ending age
Imperial Age
RankedLock teamsTeams togetherTeam positionsShared explorationLock speedFull tech treeHidden civsTurbo modeCheats
Victory
Defeat
🇹🇷 Varangians · Türkiye
2533
+10
🇧🇬 Jurchens · Bulgaria
2406
-10
ThunderboltX
6:00 Loom
8:19 Feudal Age
9:25 Double-Bit Axe
15:48 Fletching
19:11 Forging
19:40 Scale Barding Armor
20:31 Horse Collar
25:30 Castle Age
24:02 Bloodlines
25:46 Padded Archer Armor
25:35 Crossbowman
27:00 Bodkin Arrow
28:23 Ballistics
35:12 Husbandry
38:26 Leather Archer Armor
KASVA
6:58 Loom
9:11 Feudal Age
9:44 Double-Bit Axe
9:51 Man-at-Arms
13:55 Horse Collar
15:41 Fletching
17:05 Padded Archer Armor
22:35 Castle Age
21:50 Bloodlines
24:11 Bow Saw
24:14 Bodkin Arrow
24:28 Scale Barding Armor
25:35 Gold Mining
27:15 Wheelbarrow
26:47 Husbandry
27:15 Heavy Plow
27:46 Chain Barding Armor
29:28 Forging
29:52 Heavy Plow
31:58 Town Watch
36:26 Iron Casting
Connection lost

Rejoining the realm…

Still unreachable

The connection could not be restored.

Session expired

The server has moved on; the page needs a fresh start.